 Dungeon Crawl Stone Soup version 0.30-a0-149-g7f746667c4 (webtiles) character file.

Game seed: 16380498772155294127

521 Flugkiller the Cudgeller (level 7, 0/55 HPs)
             Began as a Mummy Wanderer on Sept 26, 2022.
             Was a Follower of Nemelex Xobeh.
             Killed by divine providence
             ... invoked by an orc priest
              (14 damage)
             ... on level 5 of the Dungeon.
             The game lasted 00:05:39 (4204 turns).

Flugkiller the Cudgeller (Mummy Wanderer)           Turns: 4204, Time: 00:05:39

Health: 0/55       AC: 23    Str: 20    XL:     7   Next: 1%
Magic:  8/8        EV:  7    Int:  9    God:    Nemelex Xobeh [*.....]
Gold:   196        SH:  5    Dex: 11    Spells: 6/6 levels left

rFire   x . .      SeeInvis +    m - +2 flail (protect)
rCold   + . .      Faith    +    (no shield)
rNeg    + + +      Spirit   .    n - +3 chain mail {rN+}
rPois   ∞          Reflect  +    (no helmet)
rElec   .          Harm     .    o - +0 cloak
rCorr   .          Rampage  .    (no gloves)
Will    .....                    (no boots)
Stlth   ..........               d - amulet of reflection
HPRegen 0.18/turn                i - ring of see invisible
MPRegen 0.11/turn                p - +4 ring of protection

@: under a protective aura
A: cold resistance 1, negative energy resistance 3, torment resistance 2, heat
vulnerability 1, in touch with death 1, no potions, faith
a: Renounce Religion, Draw Escape, Draw Destruction, Draw Summoning


You were on level 5 of the Dungeon.
You worshipped Nemelex Xobeh.
Nemelex Xobeh was aware of your devotion.
You visited 1 branch of the dungeon, and saw 5 of its levels.

You collected 196 gold pieces.

Inventory:

Hand Weapons
 m - a +2 flail of protection (weapon)
   (You took it off Terence on level 2 of the Dungeon)
Missiles
 q - 2 throwing nets (quivered)
Armour
 c - a +0 ring mail
 n - a +3 chain mail of positive energy (worn)
   (You took it off Terence on level 2 of the Dungeon)
 o - a +0 cloak (worn)
   (You took it off Crazy Yiuf on level 2 of the Dungeon)
Jewellery
 b - a ring of fire
   (You found it on level 2 of the Dungeon)
 d - an amulet of reflection (around neck)
   (You found it on level 3 of the Dungeon)
 h - a ring of resist corrosion
   (You found it on level 2 of the Dungeon)
 i - a ring of see invisible (left hand)
   (You found it on level 1 of the Dungeon)
 p - a +4 ring of protection (right hand)
   (You found it on level 2 of the Dungeon)
Wands
 a - a wand of digging (4)
   (You took it off Crazy Yiuf on level 2 of the Dungeon)
 f - a wand of light (6)
   (You found it on level 4 of the Dungeon)
Scrolls
 e - 3 scrolls of fear
 g - a scroll of enchant weapon
 j - 2 scrolls of poison
 k - a scroll of vulnerability
 l - a scroll of immolation
 t - a scroll of teleportation
 z - 2 scrolls of blinking


   Skills:
 + Level 4.9 Fighting
 + Level 5.2 Maces & Flails
 - Level 1.0 Polearms
 - Level 1.5 Armour
 - Level 1.0 Stealth
 - Level 2.0 Invocations
 - Level 1.0 Evocations


You had 6 spell levels left.
You didn't know any spells.
Your spell library was empty.

Dungeon Overview and Level Annotations

Branches:
Dungeon (5/15) Zot: 25716  Temple (0/1) D:4

Altars:
Nemelex Xobeh
Wu Jian

Shops:
D:4 :


Innate Abilities, Weirdness & Mutations

You are immune to poison.
Your flesh is cold resistant. (rC+)
You are immune to negative energy. (rN+++)
You are immune to unholy pain and torment.
You are vulnerable to heat. (rF-)
You are in touch with the powers of death.
You do not drink.
You have a special connection with the divine. (Faith)


Message History

You block the adder's attack.
You hit the adder.
Your weapon exudes an aura of protection.
The adder is moderately wounded.
The adder bites you.
An orc comes into view. It is wielding a +0 hand axe.
You barely miss the adder.
The adder is moderately wounded.
The orc shouts!
The hound bites you but does no damage. The adder bites you but does no damage.
The hound bites you but does no damage. The adder bites you but does no damage.
You miss the adder.
The adder is moderately wounded.
The hound bites you but does no damage.
An orc priest comes into view. It is wielding a +0 mace.
An orc priest comes into view. It is wielding a +0 club.
The adder bites you. The hound bites you but does no damage.
The orc priest shouts! x2
You hit the adder.
The adder is heavily wounded.
The adder bites you. The hound bites you. The adder barely misses you.
The hound bites you but does no damage.
You hit the adder.
The adder is heavily wounded.
The hound bites you but does no damage. The adder barely misses you.
There are monsters nearby!
You barely miss the adder.
The adder is heavily wounded.
The hound closely misses you. The adder bites you but does no damage.
The hound bites you but does no damage. You block the adder's attack.
You thump the adder!
You kill the adder!
The hound barely misses you. The hound closely misses you.
The orc priest calls down the wrath of Beogh upon you.
Beogh smites you! The hound attacks as you move away!
The hound bites you but does no damage.
The hound stops to sniff the ground.
You block the hound's attack.
You thump the hound!
The hound is severely wounded.
The hound bites you but does no damage.
You can't drink.
Unknown command.
Okay, then.
You hit the hound but do no damage. Your punch misses the hound.
The hound is severely wounded.
The hound bites you but does no damage. The hound bites you.
You barely miss the hound.
The hound is severely wounded.
The hound closely misses you. The hound barely misses you.
You hit the hound.
The hound is almost dead.
You block the hound's attack. The hound bites you but does no damage.
You barely miss the hound.
The hound is almost dead.
The orc priest miscasts a cantrip.
The hound bites you but does no damage.
You closely miss the hound.
The hound is almost dead.
The hound bites you but does no damage. x2
You barely miss the hound.
The hound is almost dead.
You block the hound's attack.
The orc priest looks encouraged for a moment.
The hound barely misses you.
You sock the hound!
You kill the hound!
You hit the orc.
You kill the orc!
You thump the orc priest!
The orc priest is almost dead.
The orc priest invokes the aid of Beogh against you.
Beogh smites you!
The orc priest hits you but does no damage.
You closely miss the orc priest.
The orc priest is almost dead.
The orc priest begins to cast a cantrip, but forgets the words!
You closely miss the orc priest.
The orc priest is almost dead.
The orc priest hits you but does no damage.
You barely miss the orc priest.
The orc priest is almost dead.
The orc priest hits you but does no damage. x2
You hit the orc priest.
You kill the orc priest!
You have reached level 7!
You sock the orc priest!
The orc priest is almost dead.
The orc priest hits you with a +0 club.
* * * LOW HITPOINT WARNING * * *
You barely miss the orc priest.
The orc priest is almost dead.
The orc priest hits you with a +0 club.
* * * LOW HITPOINT WARNING * * *
You closely miss the orc priest.
The orc priest is almost dead.
The orc priest invokes the aid of Beogh against you.
Beogh smites you!
You die...
Your body glows slightly and disappears.

#......'.#....
#......######. #......#
#### . #......####... #.
#............< #.)
###########... .... #...
#....##################..)
#.#.....o@................
........#################.
#.##.##†.# #. # #...# #.
..#.# .. ..#.. #. .#.####
.. ...# .. .####


You could see an orc priest.

Vanquished Creatures
  A black bear (D:4)
  A scorpion (D:5)
  A hound (D:5)
  A jelly (D:4)
  An orc priest (D:5)
  Crazy Yiuf (D:2)
  Terence (D:2)
  10 gnolls
  3 adders
  A river rat (D:4)
  3 worms
  2 dart slugs
  6 orcs
  3 bats
  7 endoplasms
  7 giant cockroaches
  6 goblins
  8 hobgoblins
  7 jackals
  12 ball pythons
  3 frilled lizards
  5 kobolds
  4 rats
94 creatures vanquished.

Notes
Turn   | Place    | Note
-------+----------+-------------------------------------------
     0 | D:1      | Flugkiller the Mummy Wanderer began the quest for the Orb.
     0 | D:1      | Flugkiller set off with the following items: a +0 flail, a
                  | +0 spear, a +0 ring mail, a scroll of teleportation.
     0 | D:1      | Reached XP level 1. HP: 15/15 MP: 1/1
   164 | D:1      | Reached XP level 2. HP: 20/21 MP: 2/2
   710 | D:2      | Gained mutation: You are in touch with the powers of death.
                  | [Mummy growth]
   710 | D:2      | Reached XP level 3. HP: 20/27 MP: 3/3
   801 | D:2      | Noticed Terence
  1139 | D:2      | Found a runed translucent door.
  1140 | D:2      | Noticed Crazy Yiuf
  1403 | D:3      | Found a sparkling altar of Nemelex Xobeh.
  1405 | D:3      | Found an ornate altar of the Wu Jian Council.
  1558 | D:3      | Became a worshipper of Nemelex Xobeh the Trickster
  1838 | D:3      | Reached XP level 4. HP: 34/34 MP: 4/4
  1956 | D:4      | Reached skill level 4 in Maces & Flails
  1965 | D:4      | Reached skill level 1 in Invocations
  2163 | D:4      | Reached * piety under Nemelex Xobeh
  2179 | D:4      | Found a staircase to the Ecumenical Temple.
  2225 | D:4      | Received a gift from Nemelex Xobeh
  2262 | D:4      | Reached XP level 5. HP: 14/41 MP: 6/6
  2672 | D:4      | Found Memohivyu's Book Shoppe.
  3468 | D:2      | Killed Terence
  3609 | D:2      | Killed Crazy Yiuf
  3717 | D:5      | Entered Level 5 of the Dungeon
  3717 | D:5      | Noticed a black bear
  3729 | D:4      | Killed a black bear
  3730 | D:4      | Reached XP level 6. HP: 38/48 MP: 7/7
  4032 | D:5      | Reached skill level 5 in Maces & Flails
  4202 | D:5      | Reached XP level 7. HP: 19/55 MP: 8/8
  4204 | D:5      | Killed from afar by an orc priest

Illustrated notes

Levels and vault maps discovered:
D:1:      lightli_iron_boxes, layout_rooms, ebering_dispersal_statue_hall
D:2:      layout_rooms, uniq_terence, uniq_crazy_yiuf_cottage
D:3:      layout_rooms, mainiacjoe_overflow_small_starburst,
          mainiacjoe_overflow_tiny_flanked, dk_noncrumbling_3,
          grunt_ministairs_13
D:4:      layout_cave_pools, minmay_temple_entry_wispy, portal_sewer_entry_e,
          serial_shops, shop, dk_rats_in_the_wall
D:5:      layout_basic, nicolae_uskayaw_dance_hall,
          hangedman_abyss_or_decor_lesser_grid, chequers_garden, nicolae_sextant

Skill      XL: |  1  2  3  4  5  6 |
---------------+-------------------+-----
Fighting       | 2 3 4 |  4.9
Maces & Flails | 4 5 |  5.2
Invocations    | 1 2 |  2.0
Polearms       | |  1.0
Armour         | |  1.5
Stealth        | |  1.0
Evocations     | |  1.0

Action                   |  1- 3 |  4- 6 |  7- 9 || total
-------------------------+-------+-------+-------++-------
Melee: Flail             |   160 |   196 |     3 ||   359
Invok: Draw Destruction  |       |     2 |       ||     2
  Use: Scroll            |     4 |     2 |       ||     6
Armor: Ring mail         |    78 |    73 |       ||   151
       Chain mail        |       |    53 |       ||    53
Dodge: Dodged            |    94 |    98 |       ||   192
Block: Other             |       |    22 |       ||    22
       Reflection        |       |     1 |       ||     1

Table legend: (Time is in decaauts)
 A = Elapsed time spent in this place.
 B = Non-inter-level travel time spent in this place.
 C = Inter-level travel time spent in this place.
 D = Time resting spent in this place.
 E = Time spent auto-exploring this place.
 F = Levels seen in this place.
 G = Mean time per level.
                   A        B        C        D        E       F      G
               +--------+--------+--------+--------+--------+-----+--------+
         Total |   4281 |   3820 |    461 |   1415 |   1338 |   5 |  856.2 |
       Dungeon |   4281 |   3820 |    461 |   1415 |   1338 |   5 |  856.2 |
               +--------+--------+--------+--------+--------+-----+--------+

Top non-repeatable levels by time:
     D:4: 1242 daAuts
     D:3: 1135 daAuts
     D:1: 857 daAuts
     D:2: 807 daAuts
     D:5: 240 daAuts
